 Dungeon Crawl Stone Soup version 0.26-a0-812-g31a745ddcd (webtiles) character file.

Game seed: 4373072378232023053

1351 CypherZel the Skirmisher (level 8, -1/65 HPs)
             Began as a Gnoll Wanderer on Nov 18, 2020.
             Was a Priest of Ru.
             Slain by an orc warrior
             ... wielding a +0 halberd
              (23 damage)
             ... on level 6 of the Dungeon.
             The game lasted 00:23:15 (7423 turns).

CypherZel the Skirmisher (Gnoll Wanderer)           Turns: 7423, Time: 00:23:16

Health: -1/65      AC:  5    Str: 17    XL:     8   Next: 63%
Magic:  12/12      EV: 12    Int: 14    God:    Ru [***...]
Gold:   315        SH:  0    Dex: 15    Spells: 13/13 levels left

rFire    . . .     SeeInvis .   x - +0 mace (vorpal)
rCold    + . .     Faith    .   (no shield)
rNeg     . . .     Spirit   .   c - +0 ring mail
rPois    .         Reflect  .   j - +0 helmet
rElec    .         Harm     .   s - +1 cloak
rCorr    .         Rampage  .   (no gloves)
MR       .....                  A - +0 pair of boots
Stlth    ++........             (no amulet)
HPRegen  0.20/turn              t - ring of protection from cold
MPRegen  0.13/turn              (no ring)

@: lethally poisoned (-1 -> -2)
A: distributed training, fangs 1, reduced AC 1, unskilled 1, strong nose
a: Draw Out Power, Renounce Religion


You were on level 6 of the Dungeon.
You worshipped Ru.
Ru was most pleased with you.
You visited 1 branch of the dungeon, and saw 6 of its levels.

You collected 315 gold pieces.

Inventory:

Hand Weapons
 a - a +0 mace
 p - a +0 hunting sling
 x - a +0 vorpal mace (weapon)
Missiles
 l - a poisoned dart (quivered)
 o - 21 sling bullets
Armour
 c - a +0 ring mail (worn)
 g - a cursed +0 tower shield
 j - a +0 helmet (worn)
 s - a +1 cloak (worn)
 A - a +0 pair of boots (worn)
Jewellery
 m - an uncursed amulet of inaccuracy
 t - a ring of protection from cold (left hand)
Wands
 b - a wand of enslavement (15)
 y - a wand of paralysis (7)
Scrolls
 k - a scroll of magic mapping
 q - 2 scrolls of immolation
 r - 2 scrolls of remove curse
 w - 2 scrolls of amnesia
 B - a scroll of identify
Potions
 d - a potion of haste {unknown}
 e - 2 potions of attraction
 f - a potion of might {unknown}
 h - a potion of heal wounds
 i - 3 potions of curing {unknown}
 n - a potion of lignification {unknown}
 u - a potion of resistance {unknown}
 v - a potion of flight {unknown}
 z - 2 potions of degeneration {unknown}


   Skills:
 + Level 6.8 Fighting
 + Level 3.1 Short Blades
 + Level 3.1 Long Blades
 + Level 5.2 Axes
 + Level 3.1 Maces & Flails
 + Level 3.1 Polearms
 + Level 3.1 Staves
 + Level 3.1 Slings
 + Level 3.1 Bows
 + Level 4.0 Crossbows
 + Level 3.1 Throwing
 + Level 5.2 Armour
 + Level 3.1 Dodging
 + Level 3.8 Stealth
 + Level 3.1 Shields
 + Level 3.1 Unarmed Combat
 + Level 3.1 Spellcasting
 + Level 2.5 Conjurations
 + Level 2.5 Hexes
 + Level 2.5 Summonings
 + Level 2.5 Necromancy
 + Level 2.5 Translocations
 + Level 2.5 Transmutations
 + Level 2.5 Fire Magic
 + Level 2.5 Ice Magic
 + Level 2.5 Air Magic
 + Level 2.5 Earth Magic
 + Level 2.5 Poison Magic
 + Level 3.4 Invocations
 + Level 4.0 Evocations


You had 13 spell levels left.
You didn't know any spells.
Your spell library was empty.

Dungeon Overview and Level Annotations

Branches:
Dungeon (6/15)
 Temple: D:4-7

Altars:
Elyvilon
Gozag
Hepliaklqana
Ru
Sif Muna
Trog
Uskayaw
Wu Jian
Yredelemnul

Annotations:
D:2 exclusion: 2 downstairs


Innate Abilities, Weirdness & Mutations

Your experience applies equally to all skills.
You have very sharp teeth.
You take slightly more damage. (AC -5)
You are somewhat unskilled. (-1 Apt)
Your uncanny sense of smell can sniff out nearby items.


Message History

The orc warrior closely misses you.
You hit the orc warrior but do no damage.
The orc warrior is moderately wounded.
You feel sick.
The orc warrior hits you with a +0 halberd!
You barely miss the orc warrior.
The orc warrior is moderately wounded.
The orc warrior closely misses you.
You closely miss the orc warrior.
The orc warrior is moderately wounded.
You feel sick.
The orc warrior hits you with a +0 halberd.
The orc warrior completely misses you.
You closely miss the orc warrior. Your bite misses the orc warrior.
The orc warrior is moderately wounded.
The orc warrior hits you with a +0 halberd!
You hit the orc warrior. Your bite misses the orc warrior.
The orc warrior is heavily wounded.
The orc warrior hits you with a +0 halberd!!
You die...

.......##.# #####..o#
.......##.# #..(.o.#
......###.# #..o.#
..###.# #.# #o.# ..#
#.# #.# #(.# ..###.#
#.# #yo# ......# #.#
#..#
#########.########o.#
................@oo.#
#####################


You could see an orc warrior and 2 orcs.

Vanquished Creatures
  Grinder (D:5)
  A water moccasin (D:5)
  An ogre (D:5)
  A centaur (D:5)
  A bullfrog (D:4)
  2 scorpions
  A water moccasin skeleton (D:5)
  A killer bee (D:6)
  A howler monkey (D:4)
  2 hounds
  2 jellies
  5 orc wizards
  Natasha (thrice) (D:3)
  A worker ant (D:5)
  2 hound zombies (D:5)
  A hound skeleton (D:6)
  4 gnolls
  5 adders
  A shadow imp (D:5)
  An ufetubus (D:2)
  An ooze (D:1)
  6 worms
  A dart slug (D:1)
  2 leopard geckos (D:2)
  8 orcs
  3 ball pythons
  A giant cockroach (D:1)
  2 gnoll zombies (D:5)
  9 goblins
  7 hobgoblins
  10 jackals
  2 quokkas
  6 bats
  8 frilled lizards
  4 kobolds (D:2)
  A leopard gecko zombie (D:5)
  11 rats
119 creatures vanquished.

Vanquished Creatures (others)
  3 withered plants (D:6)
3 creatures vanquished.

Grand Total: 122 creatures vanquished

Notes
Turn   | Place    | Note
-------+----------+-------------------------------------------
     0 | D:1      | CypherZel the Gnoll Wanderer began the quest for the Orb.
     0 | D:1      | CypherZel set off with the following items: a +0 mace, a
                  | wand of enslavement (15), a +0 ring mail
     0 | D:1      | Reached XP level 1. HP: 23/23 MP: 1/1
   129 | D:1      | Reached XP level 2. HP: 29/29 MP: 2/2
   414 | D:1      | Reached XP level 3. HP: 35/35 MP: 3/3
   858 | D:1      | Reached skill level 1 in Invocations
  1286 | D:2      | Reached skill level 1 in Short Blades
  1286 | D:2      | Reached skill level 1 in Long Blades
  1286 | D:2      | Reached skill level 1 in Maces & Flails
  1286 | D:2      | Reached skill level 1 in Polearms
  1286 | D:2      | Reached skill level 1 in Staves
  1286 | D:2      | Reached skill level 1 in Slings
  1286 | D:2      | Reached skill level 1 in Bows
  1286 | D:2      | Reached skill level 1 in Throwing
  1286 | D:2      | Reached skill level 1 in Dodging
  1286 | D:2      | Reached skill level 1 in Shields
  1286 | D:2      | Reached skill level 1 in Unarmed Combat
  1286 | D:2      | Reached skill level 1 in Spellcasting
  1444 | D:2      | Reached XP level 4. HP: 41/41 MP: 5/5
  1448 | D:2      | Found a sacrificial altar of Ru.
  1467 | D:2      | Became a worshipper of Ru the Awakened
  1683 | D:2      | Found a hide-covered altar of Uskayaw.
  1864 | D:2      | Reached skill level 1 in Conjurations
  1864 | D:2      | Reached skill level 1 in Hexes
  1864 | D:2      | Reached skill level 1 in Summonings
  1864 | D:2      | Reached skill level 1 in Necromancy
  1864 | D:2      | Reached skill level 1 in Translocations
  1864 | D:2      | Reached skill level 1 in Transmutations
  1864 | D:2      | Reached skill level 1 in Fire Magic
  1864 | D:2      | Reached skill level 1 in Ice Magic
  1864 | D:2      | Reached skill level 1 in Air Magic
  1864 | D:2      | Reached skill level 1 in Earth Magic
  1864 | D:2      | Reached skill level 1 in Poison Magic
  2756 | D:2      | Reached XP level 5. HP: 28/47 MP: 5/7
  3027 | D:3      | Noticed Natasha
  3042 | D:3      | Killed Natasha
  3217 | D:3      | Gained mutation: You are somewhat unskilled. (-1 Apt) [Ru
                  | sacrifice]
  3217 | D:3      | Reached * piety under Ru
  3217 | D:3      | Reached ** piety under Ru
  3315 | D:2      | Reached XP level 6. HP: 51/52 MP: 8/8
  3639 | D:3      | Found an opulent altar of Gozag.
  3650 | D:3      | Noticed Natasha
  3659 | D:3      | Killed Natasha
  3739 | D:3      | Noticed Natasha
  3751 | D:3      | Killed Natasha
  4631 | D:4      | Reached XP level 7. HP: 58/59 MP: 8/10
  4693 | D:4      | Noticed a moth of wrath
  4696 | D:4      | Found a bloodstained altar of Trog.
  5207 | D:4      | Found a hazy altar of Hepliaklqana.
  5596 | D:5      | Entered Level 5 of the Dungeon
  5902 | D:5      | Found an ornate altar of the Wu Jian Council.
  5952 | D:5      | Found a white marble altar of Elyvilon.
  6159 | D:5      | Noticed Grinder
  6167 | D:5      | Killed Grinder
  6167 | D:5      | Reached skill level 5 in Axes
  6167 | D:5      | Reached skill level 5 in Armour
  6167 | D:5      | Reached XP level 8. HP: 58/65 MP: 11/11
  6307 | D:5      | Found a shimmering blue altar of Sif Muna.
  7104 | D:5      | Found a basalt altar of Yredelemnul.
  7226 | D:6      | Gained mutation: You take slightly more damage. (AC -5) [Ru
                  | sacrifice]
  7226 | D:6      | Reached *** piety under Ru
  7423 | D:6      | Slain by an orc warrior

Illustrated notes

Levels and vault maps discovered:
D:1:      enne_arrival_octagon_isle, layout_basic, minmay_crystal_room
D:2:      layout_loops_corners, eat_drink_and_be_merry_uskayaw,
          nicolae_overflow_crystal_walls
D:3:      layout_rooms, nicolae_gozag_cash_rules_everything_around_me,
          uniq_natasha
D:4:      layout_loops_cross, tgw_trog, kennysheep_mini, enter_ossuary_5
D:5:      layout_rooms, lemuel_crystal_altar, lemuel_zombie_altar_yredelemnul,
          led_sif_book, elyvilon_altar_1, chequers_serial_rivers_marsh,
          uniq_grinder
D:6:      layout_basic, lemuel_crystal_altar, kiku_gazebo_garden_becter,
          nicolae_sextant, minmay_misc_feat_cross

Skill      XL: |  1  2  3  4  5  6  7  8 |
---------------+-------------------------+-----
Invocations    | 1 2 3 |  3.4
Short Blades   | 1 2 3 |  3.1
Long Blades    | 1 2 3 |  3.1
Maces & Flails | 1 2 3 |  3.1
Polearms       | 1 2 3 |  3.1
Staves         | 1 2 3 |  3.1
Slings         | 1 2 3 |  3.1
Bows           | 1 2 3 |  3.1
Throwing       | 1 2 3 |  3.1
Dodging        | 1 2 3 |  3.1
Shields        | 1 2 3 |  3.1
Unarmed Combat | 1 2 3 |  3.1
Spellcasting   | 1 2 3 |  3.1
Conjurations   | 1 2 |  2.5
Hexes          | 1 2 |  2.5
Summonings     | 1 2 |  2.5
Necromancy     | 1 2 |  2.5
Translocations | 1 2 |  2.5
Transmutations | 1 2 |  2.5
Fire Magic     | 1 2 |  2.5
Ice Magic      | 1 2 |  2.5
Air Magic      | 1 2 |  2.5
Earth Magic    | 1 2 |  2.5
Poison Magic   | 1 2 |  2.5
Crossbows      | 2 3 4 |  4.0
Evocations     | 2 3 4 |  4.0
Stealth        | 3 |  3.8
Axes           | 5 |  5.2
Armour         | 5 |  5.2
Fighting       | |  6.8

Action                   |  1- 3 |  4- 6 |  7- 9 || total
-------------------------+-------+-------+-------++-------
Melee: Mace              |   112 |   204 |   153 ||   469
       Bite              |     8 |    15 |    17 ||    40
       Punch             |       |     2 |     2 ||     4
Throw: Dart              |     1 |    42 |    35 ||    78
Invok: Sacrifice Skill   |       |     1 |       ||     1
       Sacrifice Health  |       |       |     1 ||     1
Evoke: Wand              |       |       |     3 ||     3
  Use: Scroll            |     2 |     9 |     2 ||    13
       Potion            |       |     1 |     2 ||     3
 Stab: Sleeping          |     1 |     1 |     4 ||     6
       Paralysed         |       |       |     5 ||     5
Armor: Ring mail         |    55 |   106 |    58 ||   219
Dodge: Dodged            |    78 |   185 |    95 ||   358

Table legend: (Time is in decaauts)
 A = Elapsed time spent in this place.
 B = Non-inter-level travel time spent in this place.
 C = Inter-level travel time spent in this place.
 D = Time resting spent in this place.
 E = Time spent auto-exploring this place.
 F = Levels seen in this place.
 G = Mean time per level.
                   A        B        C        D        E       F      G
               +--------+--------+--------+--------+--------+-----+--------+
         Total |   7581 |   6734 |    847 |   2180 |   2962 |   6 | 1263.5 |
       Dungeon |   7581 |   6734 |    847 |   2180 |   2962 |   6 | 1263.5 |
               +--------+--------+--------+--------+--------+-----+--------+

Top non-repeatable levels by time:
     D:2: 2018 daAuts
     D:5: 1568 daAuts
     D:4: 1346 daAuts
     D:3: 1205 daAuts
     D:1: 1193 daAuts
     D:6: 248 daAuts
